 Dungeon Crawl Stone Soup version 0.27-a0-1200-g94dc6ad4cf (webtiles) character file.

Game seed: 14139937898324528231

93 rjrrt the Chopper (level 4, -3/39 HPs)
             Began as a Minotaur Berserker on June 2, 2021.
             Was a Believer of Trog.
             Slain by a kobold brigand
             ... wielding a +0 whip
              (6 damage)
             ... in a sewer.
             The game lasted 00:02:28 (1698 turns).

rjrrt the Chopper (Minotaur Berserker)              Turns: 1698, Time: 00:02:29

Health: -3/39      AC:  6    Str: 22    XL:     4   Next: 36%
Magic:  3/3        EV: 10    Int:  4    God:    Trog [**....]
Gold:   112        SH:  0    Dex: 10    Spells: 3/3 levels left

rFire    . . .     SeeInvis .   a - +0 hand axe
rCold    . . .     Faith    .   (no shield)
rNeg     . . .     Spirit   .   c - +0 scale mail
rPois    .         Reflect  .   (helmet restricted)
rElec    .         Harm     .   (no cloak)
rCorr    .         Rampage  .   (no gloves)
Will     .....                  (no boots)
Stlth    ..........             (no amulet)
HPRegen  0.13/turn              (no ring)
MPRegen  0.08/turn              (no ring)

@: on berserk cooldown, slowed, very slow
A: horns 2, retaliatory headbutt
a: Renounce Religion, Berserk, Trog's Hand


You were in a sewer.
You worshipped Trog.
Trog was pleased with you.
You visited 1 branch of the dungeon, and saw 3 of its levels.
You also visited: Sewer.

You collected 112 gold pieces.

Inventory:

Hand Weapons
 a - a +0 hand axe (weapon)
 i - a +0 broad axe
Missiles
 f - 25 poisoned darts (quivered)
Armour
 c - a +0 scale mail (worn)
Jewellery
 e - a ring of fire
Scrolls
 b - 3 scrolls of identify {unknown}
 g - 2 scrolls of teleportation {unknown}
 k - 3 scrolls of blinking {unknown}
Potions
 d - a potion of curing {unknown}
 h - 2 potions of degeneration {unknown}
 j - a potion of flight {unknown}


   Skills:
 - Level 3.6 Fighting
 + Level 6.3 Axes
 - Level 2.4 Armour
 - Level 2.1 Dodging


You had 3 spell levels left.
You didn't know any spells.
Your spell library was empty.

Dungeon Overview and Level Annotations

Branches:
Dungeon (3/15)              Sewer (1/1)

Altars:


Innate Abilities, Weirdness & Mutations

You have a pair of horns on your head.
You reflexively headbutt those who attack you in melee.


Message History

You are too injured to fight recklessly!
The kobold brigand closely misses you. You furiously retaliate!
You headbutt the kobold brigand!
You are too injured to fight recklessly!
Unknown command.
You feel your anger nearly subside.
You are no longer berserk.
You are exhausted.
You feel yourself slow down.
You feel sick.
The kobold brigand hits you with a +0 whip.
* * * LOW HITPOINT WARNING * * *
You are too injured to fight recklessly!
Unknown command.
You are too injured to fight recklessly!
Unknown command.
You are too injured to fight recklessly!
You are too injured to fight recklessly!
Unknown command.
You feel sick.
You are no longer poisoned.
The kobold brigand barely misses you.
The jackal bites you but does no damage.
The kobold brigand barely misses you.
The jackal splashes around in the water.
You are too injured to fight recklessly!
You hit the kobold brigand.
The kobold brigand is heavily wounded.
You hit the jackal but do no damage.
The jackal splashes around in the water.
The kobold brigand hits you with a +0 whip.
* * * LOW HITPOINT WARNING * * *
The jackal bites you but does no damage.
You barely miss the kobold brigand.
Your headbutt misses the kobold brigand.
The kobold brigand is heavily wounded.
You hit the jackal. The jackal misses you. You furiously retaliate!
You headbutt the jackal!
You kill the jackal!
Trog accepts your kill.
The kobold brigand hits you with a +0 whip.
You die...

#≈# #≈# #≈# #≈# #≈# #†#
##)#########
#######≈≈K.....≈.#
#######......≈≈@≈≈≈≈≈≈.#
#≈≈≈≈≈≈≈≈≈≈≈≈≈≈≈≈≈≈≈≈≈.#
≈≈≈≈≈≈≈≈≈≈≈≈≈≈≈≈≈≈≈≈≈≈≈...
###≈≈≈≈≈≈≈≈≈≈≈≈≈K≈≈≈≈≈≈.#K
######......≈.≈.≈≈≈≈..#
###.###.....≈≈≈..# #∩#
############ ###


You could see a kobold brigand and a kobold.

Vanquished Creatures
  A howler monkey skeleton (D:2)
  2 river rats (D:3)
  3 adders (D:2)
  A worm (D:2)
  A dart slug (D:2)
  An orc (D:3)
  2 endoplasms
  A giant cockroach (D:1)
  2 goblins
  3 hobgoblins
  2 jackals (Sewer)
  A ball python (D:2)
  2 bats
  3 frilled lizards (D:3)
  7 kobolds
  4 rats
36 creatures vanquished.

Vanquished Creatures (others)
  4 withered plants (D:1)
4 creatures vanquished.

Grand Total: 40 creatures vanquished

Notes
Turn   | Place    | Note
-------+----------+-------------------------------------------
     0 | D:1      | rjrrt the Minotaur Berserker began the quest for the Orb.
     0 | D:1      | Reached XP level 1. HP: 19/19 MP: 0/0
    89 | D:1      | Found a faded altar of an unknown god.
   337 | D:1      | Reached skill level 4 in Axes
   357 | D:1      | Reached XP level 2. HP: 26/26 MP: 1/1
   849 | D:2      | Reached skill level 5 in Axes
   857 | D:2      | Reached XP level 3. HP: 24/31 MP: 2/2
  1358 | D:3      | Reached ** piety under Trog
  1487 | D:3      | Found a glowing drain.
  1497 | D:3      | Reached skill level 6 in Axes
  1497 | D:3      | Reached XP level 4. HP: 39/39 MP: 3/3
  1585 | Sewer    | Entered a sewer
  1680 | Sewer    | Noticed a kobold brigand
  1698 | Sewer    | Slain by a kobold brigand

Illustrated notes

Levels and vault maps discovered:
D:1:      zaba_arrival_water, layout_loops_ring,
          ebering_ecumenical_altar_petrified, st_stairs_13, minmay_tall_x
D:2:      layout_rooms
D:3:      cheibrodos_greedy_goblins, layout_loops_ring, portal_sewer_entry_a
Sewer:    sewer_kobolds

Skill      XL: |  1  2  3 |
---------------+----------+-----
Axes           | 4 5 6 |  6.3
Fighting       | |  3.6
Armour         | |  2.4
Dodging        | |  2.1

Action                   |  1- 3 |  4- 6 || total
-------------------------+-------+-------++-------
Melee: Hand axe          |    72 |    18 ||    90
       Headbutt          |    13 |     2 ||    15
Invok: Berserk           |     1 |     1 ||     2
Armor: Scale mail        |    19 |     7 ||    26
Dodge: Dodged            |    38 |    15 ||    53

Table legend: (Time is in decaauts)
 A = Elapsed time spent in this place.
 B = Non-inter-level travel time spent in this place.
 C = Inter-level travel time spent in this place.
 D = Time resting spent in this place.
 E = Time spent auto-exploring this place.
 F = Levels seen in this place.
 G = Mean time per level.
                   A        B        C        D        E       F      G
               +--------+--------+--------+--------+--------+-----+--------+
         Total |   1740 |   1695 |     45 |     50 |   1231 |   4 |  435.0 |
       Dungeon |   1606 |   1561 |     45 |     50 |   1132 |   3 |  535.3 |
         Sewer |    133 |    133 |      0 |      0 |     99 |   1 |  133.0 |
               +--------+--------+--------+--------+--------+-----+--------+

Top non-repeatable levels by time:
     D:1: 822 daAuts
     D:2: 535 daAuts
     D:3: 248 daAuts
   Sewer: 133 daAuts
